 Dungeon Crawl Stone Soup version 0.24.0-13-gcf9b3192b9 (webtiles) character file.

Game seed: 11980148828755515895, levelgen mode: deterministic

6295 Delamore the Severer (level 10, -2/89 HPs)
             Began as a Hill Orc Monk on Nov 7, 2019.
             Was an Elder of Beogh.
             Slain by an ettin
             ... wielding a +0 dire flail
              (11 damage)
             ... while paralysed by an orc sorcerer
             ... on level 2 of the Orcish Mines.
             The game lasted 00:27:17 (8974 turns).

Delamore the Severer (Hill Orc Monk)                Turns: 8974, Time: 00:27:17

Health: -2/89      AC: 16    Str: 23    XL:     10   Next: 94%
Magic:  10/10      EV:  2    Int: 10    God:    Beogh [****..]
Gold:   1189       SH:  0    Dex: 13    Spells: 9/9 levels left

rFire    . . .     SeeInvis .   L - +1 hand axe (flame)
rCold    . . .     Gourm    .   f - +2 buckler {reflect}
rNeg     . . .     Faith    .   P - +0 plate armour
rPois    .         Spirit   .   (no helmet)
rElec    .         Reflect  +   (no cloak)
rCorr    .         Harm     .   p - +0 pair of gloves
MR       +....                  j - +0 pair of boots
Stlth    ..........             k - amulet of regeneration
HPRegen  0.64/turn              s - ring of protection from magic
MPRegen  0.12/turn              n - ring of stealth

@: paralysed, mighty, lightly drained
A: robust 1, MP-powered wands
a: Smiting, Recall Orcish Followers, Renounce Religion


You were on level 2 of the Orcish Mines.
You worshipped Beogh.
Beogh was greatly pleased with you.
You were not hungry.

You visited 2 branches of the dungeon, and saw 11 of its levels.

You collected 1189 gold pieces.

Inventory:

Hand Weapons
 b - a +1 spear of freezing
 E - a +4 war axe
 L - a +1 hand axe of flaming (weapon)
Missiles
 o - 34 poisoned darts (quivered)
Armour
 f - a +2 buckler of reflection (worn)
 j - a +0 pair of boots (worn)
 p - a +0 pair of gloves (worn)
 q - a +0 troll leather armour
 P - a +0 plate armour (worn)
Jewellery
 k - an amulet of regeneration (around neck)
 n - a ring of stealth (right hand)
 s - a ring of protection from magic (left hand)
 u - an uncursed amulet of harm
 O - an uncursed ring of flight
Wands
 v - a wand of polymorph (18)
 H - a wand of paralysis (9)
 K - a wand of disintegration (10)
Scrolls
 a - 7 scrolls of identify
 d - 3 scrolls of amnesia
 e - 3 scrolls of teleportation
 h - 2 scrolls of remove curse
 i - a scroll of random uselessness {unknown}
 l - 2 scrolls of blinking {unknown}
 m - 2 scrolls of immolation {unknown}
 r - 2 scrolls of enchant weapon
 y - a scroll of enchant armour {unknown}
 F - a scroll of noise {unknown}
 I - a scroll of vulnerability {unknown}
 J - a scroll of acquirement {unknown}
Potions
 g - a potion of invisibility
 t - 3 potions of flight
 w - 5 potions of curing
 x - a potion of mutation
 z - 2 potions of berserk rage {unknown}
 A - 2 potions of ambrosia
 B - a potion of haste {unknown}
 C - a potion of brilliance
 D - 3 potions of might
 G - a potion of lignification {unknown}
 N - 3 potions of degeneration {unknown}
Comestibles
 c - 12 rations


   Skills:
 * Level 5.1(4.7) Fighting
 * Level 16.0(15.4) Axes
 + Level 8.6(8.1) Armour
 - Level 2.4(1.9) Dodging
 - Level 1.5(1.1) Stealth
 + Level 5.0(4.6) Shields
 + Level 1.0(0.5) Evocations


You had 9 spell levels left.
You didn't know any spells.
Your spell library contained the following spells:

 Spells                   Type           Power        Failure   Level  Hunger
 Shock                    Conj/Air       #...         99%         1    ##.....
 Swiftness                Chrm/Air       #.......     100%        2    ###....
 Static Discharge         Conj/Air       #.......     100%        3    ####...
 Airstrike                Air            #.........   100%        4    #####..
 Lightning Bolt           Conj/Air       #.........   100%        5    ######.


Dungeon Overview and Level Annotations

Branches:
Dungeon (9/15)             Temple (0/1) D:6            Lair (0/6) D:9
    Orc (2/2) D:9
    Elf: Orc:2

Altars:
Ashenzari
Elyvilon
Okawaru
Ru
Sif Muna
Wu Jian
Yredelemnul
Zin
The Shining One

Shops:
D:7 [   D:9 *   Orc:2 ?


Innate Abilities, Weirdness & Mutations

You are robust. (+10% HP)
You expend magic power (3 MP) to strengthen your wands.


Message History

The orc warrior hits you but does no damage.
You block the orc sorcerer's attack.
You barely miss the ettin. You hit the orc sorcerer. You burn the orc sorcerer.
Your orc knight hits the ettin!
Your orc closely misses the orc knight.
The ettin barely misses you.
The ettin hits you with a +0 dire flail!!
The orc knight unwields a +0 war axe.
The orc knight wields a +0 arbalest.
The orc knight shoots a bolt.
The bolt hits your orc. You block the orc warrior's attack.
Your orc hits the orc sorcerer but does no damage.
It was a potion of might.
You feel very mighty all of a sudden.
The orc sorcerer gestures at you while chanting.
You suddenly lose the ability to move!
Your orc knight hits the ettin!!
Your orc sorcerer hits the ettin with a +0 dagger.
Your orc misses the orc knight.
The ettin hits you with a +0 dire flail!!
* * * LOW HITPOINT WARNING * * *
The ettin hits you with a +0 dire flail!
You die...

#..### ##.
.....#
##.##.....#
...#......
####.....)...
#....oo..T.
#..ooo∩#
#####.oo@C#
#.....$ooo#
.....§ooo##
##....oooo#
#.....<.##
##.$....#
#.........
###########


You could see an orc knight, an ettin, a troll, an orc sorcerer, an orc warrior,
a friendly orc knight, a friendly orc sorcerer, 2 friendly orc warriors, the
friendly Herok the orc warrior, 2 friendly orc wizards and 7 friendly orcs.

Vanquished Creatures
  A hydra (D:9)
  A two-headed ogre (D:9)
  Pikel (D:6)
  2 trolls (Orc:1)
  A hippogriff (D:9)
  Menkaure (D:4)
  A water moccasin (D:8)
  An ice beast (D:8)
  A black bear (D:9)
  2 orc warriors
  4 slaves
  5 ogres
  A phantom (D:5)
  3 centaurs
  A bullfrog (D:6)
  5 scorpions
  2 wights (D:7)
  5 howler monkeys
  3 crimson imps
  2 jellies (D:3)
  7 hounds
  2 orc priests
  A centaur skeleton (D:6)
  A gnoll shaman (D:4)
  3 iguanas (D:9)
  3 worker ants
  Natasha (twice) (D:2)
  4 orc wizards
  A howler monkey skeleton (D:9)
  7 gnolls
  6 adders
  4 shadow imps
  8 oozes (D:3)
  An adder skeleton (D:4)
  2 worms
  8 dart slugs
  4 leopard geckos
  18 orcs
  6 giant cockroaches
  9 goblins
  5 hobgoblins
  14 jackals
  19 kobolds
  3 quokkas
  2 ball pythons
  11 bats
  10 frilled lizards
  A quokka skeleton (D:5)
  9 rats
214 creatures vanquished.

Vanquished Creatures (collateral kills)
  A troll (Orc:1)
  A human (D:8)
  A hungry ghost (D:7)
  3 wargs
  3 orc warriors (Orc:1)
  2 ogres
  A centaur (D:7)
  A wight (D:7)
  A jelly (D:8)
  3 orc priests
  5 orc wizards
  5 orcs
27 creatures vanquished.

Vanquished Creatures (others)
  An orc warrior (D:9)
  An orc priest (Orc:1)
  2 orc wizards (D:9)
  16 orcs
  7 toadstools (D:3)
27 creatures vanquished.

Grand Total: 268 creatures vanquished

Notes
Turn   | Place    | Note
-------+----------+-------------------------------------------
     0 | D:1      | Delamore the Hill Orc Monk began the quest for the Orb.
     0 | D:1      | Reached XP level 1. HP: 19/19 MP: 1/1
   122 | D:1      | Reached XP level 2. HP: 25/26 MP: 2/2
   159 | D:1      | Reached skill level 5 in Axes
   228 | D:1      | Reached XP level 3. HP: 26/31 MP: 3/3
   695 | D:1      | Reached skill level 6 in Axes
  1080 | D:2      | Reached XP level 4. HP: 17/39 MP: 4/4
  1118 | D:2      | Noticed Natasha
  1122 | D:2      | Killed Natasha
  1210 | D:2      | Noticed Natasha
  1220 | D:2      | Killed Natasha
  1220 | D:2      | Reached skill level 7 in Axes
  1253 | D:2      | Reached XP level 5. HP: 38/45 MP: 5/5
  1269 | D:2      | Found a white marble altar of Elyvilon.
  1621 | D:2      | Gained mutation: You are robust. (+10% HP) [potion of
                  | mutation]
  1621 | D:2      | Gained mutation: You expend magic power (3 MP) to
                  | strengthen your wands. [potion of mutation]
  1993 | D:3      | Reached skill level 8 in Axes
  2138 | D:3      | Reached XP level 6. HP: 49/56 MP: 6/6
  2321 | D:3      | Reached skill level 9 in Axes
  2352 | D:3      | Reached skill level 1 in Armour
  2352 | D:3      | Reached skill level 1 in Shields
  2558 | D:3      | Found a basalt altar of Yredelemnul.
  2838 | D:4      | Reached XP level 7. HP: 54/62 MP: 7/7
  2918 | D:4      | Became a worshipper of Beogh the Brigand
  2918 | D:4      | Reached * piety under Beogh
  2918 | D:4      | Reached ** piety under Beogh
  3158 | D:4      | Found a shimmering blue altar of Sif Muna.
  3272 | D:4      | Found a shattered altar of Ashenzari.
  3273 | D:4      | Found an ornate altar of the Wu Jian Council.
  3274 | D:4      | Found a sacrificial altar of Ru.
  3361 | D:5      | Entered Level 5 of the Dungeon
  3424 | D:4      | Reached skill level 10 in Axes
  3508 | D:5      | Noticed Menkaure
  3621 | D:4      | Killed Menkaure
  3754 | D:5      | Reached skill level 11 in Axes
  3754 | D:5      | Reached XP level 8. HP: 69/70 MP: 8/8
  4457 | D:6      | Found a staircase to the Ecumenical Temple.
  4656 | D:6      | Noticed Pikel
  4934 | D:6      | Reached skill level 12 in Axes
  4974 | D:6      | Found a glowing golden altar of the Shining One.
  5134 | D:6      | Killed Pikel
  5134 | D:6      | Reached skill level 5 in Armour
  5134 | D:6      | Reached XP level 9. HP: 60/77 MP: 9/9
  5177 | D:6      | Found an ornate altar of the Wu Jian Council.
  5197 | D:6      | You fall into a shaft and drop 3 floors!
  5212 | D:9      | Reached *** piety under Beogh
  5237 | D:9      | Found Zin's Purification Station.
  5241 | D:9      | Found a glowing silver altar of Zin.
  5351 | D:7      | Reached skill level 13 in Axes
  5365 | D:7      | Found Syhidgh's Armour Emporium.
  5672 | D:7      | Gained Ortolf as an ally
  5725 | D:7      | Found an iron altar of Okawaru.
  6516 | D:8      | Reached skill level 14 in Axes
  6997 | D:9      | Found a staircase to the Orcish Mines.
  6997 | D:9      | Noticed a four-headed hydra
  6997 | D:9      | Your ally Ortolf died
  7152 | D:9      | Killed a one-headed hydra
  7152 | D:9      | Reached skill level 15 in Axes
  7152 | D:9      | Reached XP level 10. HP: 38/84 MP: 10/10
  7345 | D:9      | Found a staircase to the Lair.
  7858 | D:9      | Noticed a two-headed ogre
  7870 | D:9      | Killed a two-headed ogre
  8168 | Orc:1    | Entered Level 1 of the Orcish Mines
  8177 | Orc:1    | Noticed an orc sorcerer
  8196 | Orc:1    | Reached **** piety under Beogh
  8433 | Orc:1    | Reached skill level 16 in Axes
  8433 | Orc:1    | Reached skill level 5 in Shields
  8444 | Orc:1    | Gained Herok as an ally
  8610 | Orc:1    | Reached skill level 5 in Fighting
  8614 | Orc:1    | Reached skill level 1 in Evocations
  8964 | Orc:2    | Entered Level 2 of the Orcish Mines
  8964 | Orc:2    | Found Veleakh's Magic Scroll Emporium.
  8965 | Orc:2    | Noticed an ettin
  8965 | Orc:2    | Noticed an orc sorcerer
  8966 | Orc:2    | Noticed an orc knight
  8974 | Orc:2    | Paralysed by an orc sorcerer for 2 turns
  8974 | Orc:2    | Slain by an ettin

Levels and vault maps discovered:
D:1:      mrwooster_arrival_statue_2, layout_basic, grunt_decor_one_mirror,
          chequers_serial_rivers_micro_d, minmay_tiny_reverse_x
D:2:      layout_loops_ring, elyvilon_altar_3, uniq_natasha
D:3:      cheibrodos_fertilizer, layout_rooms, lemuel_round_altar,
          minmay_misc_feat_four_crosses, minmay_cut_off
D:4:      cheibrodos_quashed, layout_rooms, minitemple, led_sif_pool,
          first_ration
D:5:      layout_loops_ring, chequers_serial_rivers_micro_a,
          kennysheep_generic_room_8, uniq_menkaure
D:6:      layout_cave_pools, nicolae_tso_carved_into_rock,
          minmay_temple_entry_butterflies, basic_altar, serial_column_ruins,
          column_ruins_open_small, column_ruins_grid_1, column_ruins_open_tiny,
          column_ruins_columns_straight, column_ruins_corridor_corner,
          column_ruins_grid_1, column_ruins_open_medium, uniq_pikel
D:7:      layout_basic, kennysheep_mini, serial_shops, nicolae_shop_waterfront
D:8:      layout_rooms, grunt_pizzeria
D:9:      layout_basic, zin_purify, lair_entry_dummy,
          minmay_orc_entry_guard_dogs
Orc:1:    layout_caves
Orc:2:    st_orc_pillars, layout_diamond_mine, serial_shops, shop,
          minmay_orc_barracks

Skill      XL: |  1  2  3  4  5  6  7  8  9 10 |
---------------+-------------------------------+-----
Axes           | 5 6 7 8 9 11 12 15 16 | 16.0
Armour         | 1 3 5 7 8 |  8.6
Shields        | 1 2 3 4 5 |  5.0
Fighting       | 5 |  5.1
Evocations     | 1 |  1.0
Dodging        | |  2.4
Stealth        | |  1.5

Action                   |  1- 3 |  4- 6 |  7- 9 | 10-12 || total
-------------------------+-------+-------+-------+-------++-------
Melee: Hand axe          |   125 |   236 |   488 |   129 ||   978
       War axe           |       |       |    36 |       ||    36
Throw: Dart              |       |       |     3 |     4 ||     7
       Throwing net      |       |       |     1 |       ||     1
Invok: Convert to Beogh  |       |       |     1 |       ||     1
Evoke: Wand              |       |       |     1 |     5 ||     6
  Use: Scroll            |       |     4 |     5 |       ||     9
       Potion            |       |     1 |     3 |     1 ||     5
 Stab: Sleeping          |     4 |     2 |       |       ||     6
       Distracted        |       |       |       |     1 ||     1
  Eat: Chunk             |     1 |     6 |    11 |     1 ||    19
       Ration            |       |       |     1 |     2 ||     3
Armor: Robe              |    26 |    13 |       |       ||    39
       Chain mail        |       |   106 |   181 |    23 ||   310
       Plate armour      |       |       |       |    25 ||    25
Dodge: Dodged            |    96 |    67 |   123 |    31 ||   317
Block: Buckler           |       |    36 |    85 |    24 ||   145
